Map: Catallena LE (Void)

Players

Anaxymehre - Winner!

  • Race: Zerg Zerg
  • League: Gold
  • Spawn Location: 9:00

Winthrowe

  • Race: Zerg Zerg
  • League: Silver
  • Spawn Location: 5:00

VOD

Have the link to the VOD?

Description

Time

  • Played on: Sept. 3, 2017, 9:49 p.m.
  • Length: 5:00
Show
View Real Time Build Order
Export as new Build Order

Anaxymehre Zerg - Winner!

Build Orders: Pool First 

Get SALT Encoding   

  12  0:01  Drone  
  13  0:23  Spawning Pool  
  13  0:26  Drone  
  13  0:30  Drone  
  14  0:39  Extractor  
  14  0:41  Drone  
  14  0:46  Overlord  
  14  1:10  Zergling x2  
  14  1:11  Zergling x4  
  17  1:14  Queen  
  19  1:25  Drone  
  20  1:33  Drone  
  21  1:52  Hatchery  
  20  2:01  Drone  
  20  2:02  Drone  
  22  2:19  Overlord x2  
  22  2:37  Metabolic Boost  
  22  2:40  Zergling x8  
  25  2:58  Baneling Nest  
  24  3:14  Zergling x8  
  24  3:17  Extractor  
  27  3:20  Queen  
  27  3:22  Drone  
  30  3:46  Zergling x8  
  33  4:07  Zergling x6  
  33  4:08  Zergling x6  
  34  4:23  Baneling x4  
  34  4:24  Baneling x2  
  31  4:42  Zergling x12  
Show
View Real Time Build Order
Export as new Build Order

Winthrowe Zerg 

Build Orders: Hatch First 

Get SALT Encoding   

  12  0:03  Drone  
  13  0:21  Overlord  
  13  0:23  Drone  
  14  0:50  Drone  
  14  0:51  Drone  
  14  0:52  Drone  
  17  1:08  Hatchery  
  16  1:20  Drone x2  
  18  1:27  Spawning Pool  
  18  1:30  Extractor  
  16  1:33  Extractor, Drone  
  16  2:01  Drone x2  
  16  2:02  Drone  
  18  2:25  Zergling x6  
  21  2:33  Queen  
  22  3:06  Hatchery, Overlord x2  
  22  3:11  Overlord  
  21  3:24  Queen  
  20  3:49  Zergling x6  
  13  4:13  Zergling x4  
  12  4:18  Zergling x6  
  12  4:23  Queen  
Tags
 
Add a new tag
Caveats
  • Supply blocks, unpowered buildings, or Contaminate may cause inaccurate times.
  • Supply counts are checked every 10 seconds.